 Dungeon Crawl Stone Soup version 0.19.1-1-g22dce08 (webtiles) character file.

580 McKennaii the Gusty (level 7, -5/42 HPs)
             Began as a High Elf Air Elementalist on Jan 9, 2017.
             Killed from afar by Sigmund (8 damage)
             ... with a magic dart
             ... on level 5 of the Dungeon.
             The game lasted 00:09:23 (2993 turns).

McKennaii the Gusty (High Elf Air Elementalist)     Turns: 2993, Time: 00:09:23

Health: -5/42      AC:  4    Str:  7    XL:     7   Next: 13%
Magic:  4/16       EV: 13    Int: 22    God:
Gold:   192        SH:  0    Dex: 15    Spells: 5 memorised, 3 levels left

rFire  . . .     SeeInvis .     (no weapon)
rCold  . . .     Gourm    .     a - +0 robe
rNeg   . . .     Faith    .     (no shield)
rPois  .         Spirit   .     k - +1 helmet
rElec  .         Reflect  .     (no cloak)
rCorr  .         Harm     .     (no gloves)
MR     .....                    (no boots)
Stlth  ++........               (no amulet)
                                (no ring)
                                (no ring)

@: no status effects
A: no striking features
a: no special abilities


You were on level 5 of the Dungeon.
You were near starving.

You visited 1 branch of the dungeon, and saw 5 of its levels.

You collected 192 gold pieces.

Inventory:

Armour
 a - a +0 robe (worn)
 k - a +1 helmet (worn)
Jewellery
 h - an uncursed amulet of rage {unknown}
 i - an uncursed ring of resist corrosion {unknown}
Wands
 v - a wand of slowing (33/48)
Scrolls
 e - a scroll of random uselessness {unknown}
 l - a scroll of blinking {unknown}
 r - 5 scrolls of identify {unknown}
 s - 2 scrolls of teleportation {unknown}
 t - a scroll of amnesia {unknown}
Potions
 d - a potion of cancellation {unknown}
 f - 3 potions of brilliance {unknown}
 g - a potion of cure mutation {unknown}
 j - 2 potions of heal wounds {unknown}
 m - 2 potions of agility {unknown}
 n - a potion of berserk rage {unknown}
 p - 2 potions of flight {unknown}
 u - a potion of degeneration {unknown}
 x - a potion of resistance {unknown}
 z - 2 potions of invisibility {unknown}
Books
 b - a book of Air

   Spells                             Type                      Level
   a - Shock                          Conjuration/Air              1
   b - Swiftness                      Charms/Air                   2
   c - Repel Missiles                 Charms/Air                   2
   d - Static Discharge               Conjuration/Air              3
   e - Lightning Bolt                 Conjuration/Air              5
Comestibles
 c - 4 bread rations
 o - a meat ration
 q - a beef jerky
 w - a slice of pizza


   Skills:
 + Level 0.6 Fighting
 + Level 3.3 Dodging
 + Level 3.1 Stealth
 + Level 0.5 Unarmed Combat
 + Level 5.3 Spellcasting
 + Level 4.2 Conjurations
 + Level 5.4 Air Magic


You had 3 spell levels left.
You knew the following spells:

 Your Spells              Type           Power        Failure   Level  Hunger
a - Shock                 Conj/Air       ####         1%          1    None
b - Swiftness             Chrm/Air       ###.....     6%          2    None
c - Repel Missiles        Chrm/Air       ###...       6%          2    None
d - Static Discharge      Conj/Air       ####....     4%          3    ##.....
e - Lightning Bolt        Conj/Air       ####......   38%         5    #####..


Dungeon Overview and Level Annotations

Branches:
Dungeon (5/15)
 Temple: D:4-7

Altars:
Qazlal

Annotations:
D:5 Sigmund


Message History

Press: ? - help, Shift-Dir - straight line The zap hits something.
Casting: Shock
Confirm with . or Enter, or press ? or * to list all spells.
Aiming: Shock
Press: ? - help, Shift-Dir - straight line
Casting: Shock
Confirm with . or Enter, or press ? or * to list all spells.
Aiming: Shock
Press: ? - help, Shift-Dir - straight line The zap hits something.
Something hits you.
* * * LOW HITPOINT WARNING * * *
Casting: Shock
Confirm with . or Enter, or press ? or * to list all spells.
Aiming: Shock
Press: ? - help, Shift-Dir - straight line The zap hits something.
A magic dart appears from out of thin air!
The magic dart hits you!
You die...

...... #........
#........
##.%.....
#########
#........
#........
#.......
#........
#...#####........
#...'............
#...#####@.......
##.#...........#+
#{#.#########.#
#.#.# # #.#.#
#.#.# #.#.# #†#.#
#.#.#


There were no monsters in sight!

Vanquished Creatures
  A bullfrog (D:4)
  2 scorpions
  3 howler monkeys
  3 hounds
  Ijyb (D:2)
  A worker ant (D:4)
  5 adders
  4 gnolls (D:3)
  An adder zombie (D:1)
  An adder skeleton (D:4)
  2 worms
  A dart slug (D:1)
  2 leopard geckos
  4 giant cockroaches
  6 goblins
  9 hobgoblins
  4 jackals (D:3)
  6 kobolds
  4 quokkas
  3 ball pythons (D:2)
  9 bats
  3 frilled lizards (D:1)
  A quokka zombie (D:1)
  6 rats
82 creatures vanquished.

Notes
Turn   | Place    | Note
-------+----------+-------------------------------------------
     0 | D:1      | McKennaii the High Elf Air Elementalist began the quest for the Orb.
     0 | D:1      | Reached XP level 1. HP: 11/11 MP: 4/4
   175 | D:1      | Reached XP level 2. HP: 17/17 MP: 1/6
   238 | D:1      | Learned a level 2 spell: Swiftness
   241 | D:1      | Learned a level 2 spell: Repel Missiles
   853 | D:1      | Reached XP level 3. HP: 16/21 MP: 6/8
  1054 | D:2      | Found a faded altar of an unknown god.
  1460 | D:2      | Noticed Ijyb
  1479 | D:2      | Killed Ijyb
  1479 | D:2      | Reached XP level 4. HP: 26/27 MP: 1/10
  1632 | D:3      | Reached XP level 5. HP: 20/31 MP: 4/11
  2125 | D:3      | Reached skill level 5 in Air Magic
  2459 | D:4      | Reached XP level 6. HP: 37/37 MP: 8/13
  2569 | D:4      | Noticed a fire elemental
  2571 | D:4      | Found a stormy altar of Qazlal.
  2573 | D:4      | Noticed an air elemental
  2573 | D:4      | Noticed a water elemental
  2668 | D:4      | Reached skill level 5 in Spellcasting
  2891 | D:4      | Reached XP level 7. HP: 42/42 MP: 11/15
  2903 | D:4      | Learned a level 3 spell: Static Discharge
  2909 | D:4      | Learned a level 5 spell: Lightning Bolt
  2926 | D:5      | Entered Level 5 of the Dungeon
  2967 | D:5      | Noticed Sigmund
  2993 | D:5      | Killed from afar by Sigmund

Skill      XL: |  1  2  3  4  5  6 |
---------------+-------------------+-----
Air Magic      | 4 5 |  5.4
Spellcasting   | 3 4 5 |  5.3
Conjurations   | 2 3 4 |  4.2
Dodging        | 3 |  3.3
Stealth        | 3 |  3.1
Fighting       | |  0.6
Unarmed Combat | |  0.5

Action                   |  1- 3 |  4- 6 |  7- 9 || total
-------------------------+-------+-------+-------++-------
Melee: Unarmed           |    30 |    37 |       ||    67
 Cast: Shock             |    79 |   108 |    20 ||   207
  Eat: Bread ration      |       |     1 |       ||     1
Armor: Robe              |     4 |    19 |     1 ||    24
Dodge: Dodged            |    31 |    47 |       ||    78
